 Dungeon Crawl Stone Soup version 0.25-a0-294-gea9b1ad378 (webtiles) character file.

Game seed: 8898251259330439712, levelgen mode: deterministic

1085 Anathary the Chopper (level 8, -2/84 HPs)
             Began as an Ogre Berserker on Dec 17, 2019.
             Was a Priest of Trog.
             Slain by a worker ant (7 damage)
             ... on level 6 of the Dungeon.
             The game lasted 00:19:18 (6364 turns).

Anathary the Chopper (Ogre Berserker)               Turns: 6364, Time: 00:19:18

Health: -2/84      AC: -1    Str: 24    XL:     8   Next: 30%
Magic:  8/8        EV: 11    Int:  8    God:    Trog [***...]
Gold:   263        SH:  0    Dex:  8    Spells: 7/7 levels left

rFire    . . .     SeeInvis .   r - +0 war axe
rCold    . . .     Gourm    .   (no shield)
rNeg     . . .     Faith    .   b - +0 animal skin
rPois    .         Spirit   .   (helmet restricted)
rElec    .         Reflect  .   (no cloak)
rCorr    .         Harm     .   (gloves unavailable)
MR       .....                  (boots unavailable)
Stlth    +.........             (no amulet)
HPRegen  0.24/turn              (no ring)
MPRegen  0.11/turn              (no ring)

@: lethally poisoned (-2 -> -8), corroded
A: large, unfitting armour, tough skin 1
a: Berserk, Trog's Hand, Renounce Religion


You were on level 6 of the Dungeon.
You worshipped Trog.
Trog was most pleased with you.
You were not hungry.

You visited 2 branches of the dungeon, and saw 7 of its levels.

You collected 263 gold pieces.

Inventory:

Hand Weapons
 r - a +0 war axe (weapon)
Armour
 b - a +0 animal skin (worn)
Jewellery
 o - an uncursed ring of see invisible {unknown}
 s - an uncursed ring of fire {unknown}
Wands
 t - a wand of scattershot (4)
Scrolls
 e - 5 scrolls of identify
 h - a scroll of remove curse
 i - a scroll of fog {unknown}
 l - a scroll of magic mapping
 m - a scroll of teleportation {unknown}
 n - 2 scrolls of fear {unknown}
 q - 2 scrolls of enchant weapon {unknown}
Potions
 a - a potion of agility {unknown}
 d - a potion of cancellation {unknown}
 f - a potion of lignification
 g - a potion of degeneration {unknown}
 j - a potion of curing {unknown}
 k - a potion of ambrosia {unknown}
 p - a potion of might {unknown}
Comestibles
 c - 4 rations


   Skills:
 + Level 6.6 Fighting
 + Level 7.7 Axes
 + Level 5.0 Dodging
 + Level 0.7 Stealth


You had 7 spell levels left.
You didn't know any spells.
Your spell library was empty.

Dungeon Overview and Level Annotations

Branches:
Dungeon (6/15)             Temple (1/1) D:5

Altars:
Ashenzari
Cheibriados
Dithmenos
Elyvilon
Fedhas
Gozag
Hepliaklqana
Makhleb
Nemelex Xobeh
Okawaru
Ru
Sif Muna
Trog
Uskayaw
Wu Jian
Xom
Zin
The Shining One


Innate Abilities, Weirdness & Mutations

You are too large for most types of armour.
You have tough skin. (AC +1)


Message History

You kill the jelly!
Trog accepts your kill.
You barely miss the worker ant. You closely miss the bullfrog.
The bullfrog hits you.
A centaur zombie comes into view.
The worker ant closely misses you.
You barely miss the bullfrog. You barely miss the worker ant.
The bullfrog closely misses you. The worker ant bites you.
The bullfrog hits you!
* * * LOW HITPOINT WARNING * * *
You hit the bullfrog but do no damage. You hit the worker ant.
The bullfrog hits you!
* * * LOW HITPOINT WARNING * * *
The worker ant bites you.
* * * LOW HITPOINT WARNING * * *
You are poisoned.
The worker ant poisons you! The bullfrog hits you!
* * * LOW HITPOINT WARNING * * *
The worker ant bites you!
You die...

......
#...............#
....)>
#.....##.....##...
...#.#
#............## #.
####.
##..##.....### #.
#..####....# ##.
###..####
#(.#....##.####
#..............
#..##..@F...... ..
#..a....#.. #
#.......#
#......Z.#
#.#.#......
..####..... ##.
..... .. ###..


You could see a bullfrog, a worker ant and a centaur zombie.

Vanquished Creatures
  An ice beast (D:5)
  3 ogres
  3 scorpions (D:5)
  A vampire bat (D:3)
  A howler monkey (D:5)
  A jelly (D:6)
  A hound (D:6)
  2 orc priests
  An orc wizard (D:3)
  A centaur skeleton (D:6)
  3 worker ants
  A hound zombie (D:5)
  A hound skeleton (D:3)
  4 adders
  2 oozes
  A worm (D:2)
  3 dart slugs
  3 fire bats (D:3)
  4 leopard geckos
  15 orcs
  2 spectral bats (D:3)
  3 bat skeletons (D:3)
  A bat zombie (D:3)
  8 giant cockroaches
  8 goblins
  11 hobgoblins
  6 jackals
  9 kobolds
  2 quokkas
  16 bats
  A bat simulacrum (D:3)
  5 frilled lizards
  A quokka skeleton (D:5)
  9 rats
134 creatures vanquished.

Notes
Turn   | Place    | Note
-------+----------+-------------------------------------------
     0 | D:1      | Anathary the Ogre Berserker began the quest for the Orb.
     0 | D:1      | Reached XP level 1. HP: 24/24 MP: 1/1
   290 | D:1      | Reached XP level 2. HP: 32/32 MP: 2/2
   705 | D:1      | Reached XP level 3. HP: 38/39 MP: 3/3
  1021 | D:2      | Reached ** piety under Trog
  1205 | D:2      | Reached skill level 4 in Axes
  1248 | D:2      | Reached XP level 4. HP: 36/49 MP: 4/4
  2218 | D:3      | Reached XP level 5. HP: 20/55 MP: 5/5
  2738 | D:3      | Found a faded altar of an unknown god.
  2758 | D:3      | Reached skill level 5 in Axes
  3007 | D:3      | Reached *** piety under Trog
  3383 | D:3      | Reached skill level 5 in Fighting
  3383 | D:3      | Reached XP level 6. HP: 52/66 MP: 6/6
  4112 | D:4      | Reached skill level 6 in Axes
  4300 | D:4      | Found a sacrificial altar of Ru.
  4415 | D:5      | Entered Level 5 of the Dungeon
  4418 | D:5      | Reached XP level 7. HP: 72/72 MP: 7/7
  5035 | D:5      | Reached skill level 7 in Axes
  5533 | D:5      | Reached XP level 8. HP: 48/83 MP: 8/8
  5963 | D:5      | Found a staircase to the Ecumenical Temple.
  5973 | Temple   | Entered the Ecumenical Temple
  6111 | D:6      | Reached skill level 5 in Dodging
  6364 | D:6      | Slain by a worker ant

Levels and vault maps discovered:
D:1:      dpeg_arrival_fog, layout_loops_ring
D:2:      layout_loops_ring, first_ration
D:3:      minmay_spotlight, layout_basic, chequers_ecumenical_altar_island,
          goddamned_bats
D:4:      layout_rooms, nicolae_overflow_hidden_temple,
          chequers_serial_rivers_micro_e
D:5:      layout_gridville, minmay_temple_entry_glass
D:6:      layout_cave_pools
Temple:   grunt_wide_crystal_templ

Skill      XL: |  1  2  3  4  5  6  7  8 |
---------------+-------------------------+-----
Dodging        | 3 4 5 |  5.0
Axes           | 4 5 6 7 |  7.7
Fighting       | 5 6 |  6.6
Stealth        | |  0.7

Action                   |  1- 3 |  4- 6 |  7- 9 || total
-------------------------+-------+-------+-------++-------
Melee: Hand axe          |    76 |       |       ||    76
       Battleaxe         |    17 |   253 |     9 ||   279
       War axe           |       |       |   126 ||   126
  Use: Scroll            |       |     4 |       ||     4
  Eat: Chunk             |     1 |     1 |       ||     2
       Ration            |       |     3 |     2 ||     5
Armor: Animal skin       |    34 |   161 |    28 ||   223
Dodge: Dodged            |    76 |   270 |    92 ||   438

Table legend:
 A = Non-vault XP
 B = Vault XP
 C = Vault XP percentage of total XP
 D = Non-vault monster count
 E = Vault monster count
 F = Vault count percentage of total count
                 A         B        C        D         E       F
            +---------+---------+-------+---------+---------+-------
      Total |    1367 |     184 |  11.9 |     109 |      25 |  18.7
            +---------+---------+-------+---------+---------+-------
        D:1 |      37 |       0 |   0.0 |      19 |       0 |   0.0
        D:2 |      80 |       0 |   0.0 |      26 |       0 |   0.0
        D:3 |     146 |     184 |  55.8 |      27 |      25 |  48.1
        D:4 |     158 |       0 |   0.0 |       6 |       0 |   0.0
        D:5 |     745 |       0 |   0.0 |      19 |       0 |   0.0
        D:6 |     201 |       0 |   0.0 |      12 |       0 |   0.0
            +---------+---------+-------+---------+---------+-------
